 Dungeon Crawl Stone Soup version 0.24-a0-163-g64c5a76fe2 (webtiles) character file.

Game seed: 4418168584344502885

436 EnegeticOcto the Ruffian (level 7, 0/38 HPs)
             Began as a Vine Stalker Chaos Knight on Mar 6, 2019.
             Was a Plaything of Xom.
             Succumbed to a killer bee's poison
             ... on level 4 of the Dungeon.
             The game lasted 00:08:22 (3953 turns).

EnegeticOcto the Ruffian (VSCK)                     Turns: 3953, Time: 00:08:23

Health: 0/38       AC:  6    Str: 12 (15) XL:     7   Next: 1%
Magic:  8/8        EV:  9    Int: 11 (12) God:    Xom [....*.]
Gold:   180        SH:  0    Dex: 14 (15) Spells: 6/6 levels left

rFire    + + .     SeeInvis .     - Unarmed
rCold    + + .     Gourm    .   (no shield)
rNeg     + . .     Faith    .   m - +1 scale mail {rC+}
rPois    +         Spirit   +   h - +0 helmet
rElec    +         Reflect  .   o - +0 cloak {MR+}
rCorr    +         Harm     .   (no gloves)
MR       +....                  (no boots)
Stlth    ..........             (no amulet)
HPRegen  0.52/turn              k - ring of protection from fire
MPRegen  0.11/turn              A - ring of positive energy

@: confused, lethally poisoned (0 -> -1), resistant
A: fangs 2, agile 1, deformed body, dopey 1, regeneration 1, wild magic 1, magic
shield, antimagic bite, no potion heal 3, rot immunity
a: Renounce Religion


You were on level 4 of the Dungeon.
You worshipped Xom.
You were a beloved toy of Xom.
You were not hungry.

You visited 1 branch of the dungeon, and saw 5 of its levels.

You collected 180 gold pieces.

Inventory:

Hand Weapons
 s - a +0 blowgun
Armour
 a - a +2 leather armour
 h - a +0 helmet (worn)
 m - a +1 scale mail of cold resistance (worn)
 o - a +0 cloak of magic resistance (worn)
Jewellery
 k - a ring of protection from fire (left hand)
 p - an uncursed ring of protection from fire
 A - a ring of positive energy (right hand)
Scrolls
 c - a scroll of noise {unknown}
 g - a scroll of blinking {unknown}
 j - a scroll of enchant armour {unknown}
 n - 2 scrolls of teleportation {unknown}
 q - a scroll of fog {unknown}
 w - a scroll of amnesia
 y - a scroll of remove curse {unknown}
Potions
 f - a potion of invisibility
 l - a potion of might {unknown}
 u - a potion of haste {@q4 !q}
 x - a potion of brilliance
Comestibles
 e - 7 rations


   Skills:
 + Level 4.5 Fighting
 - Level 1.5 Armour
 - Level 0.7 Dodging
 * Level 6.4 Unarmed Combat


You had 6 spell levels left.
You didn't know any spells.
Your spell library contained the following spells:

 Spells                   Type           Power        Failure   Level  Hunger
 Flame Tongue             Conj/Fire      #....        92%         1    ##.....
 Throw Flame              Conj/Fire      #.....       97%         2    ###....
 Conjure Flame            Conj/Fire      #.......     100%        3    ####...
 Inner Flame              Hex/Fire       #.......     100%        3    ####...
 Sticky Flame             Conj/Fire      #.......     100%        4    #####..
 Fireball                 Conj/Fire      #.........   100%        5    ######.


Dungeon Overview and Level Annotations

Branches:
Dungeon (5/15)
 Temple: D:4-7

Altars:
Fedhas
Gozag
Xom

Annotations:
D:4 3 runed translucent doors, elum's ghost, amateur DsWz


Innate Abilities, Weirdness & Mutations

You have extremely sharp teeth.
Your natural rate of healing is unusually fast.
When hurt, damage is shared between your health and your magic reserves.
Your bite disrupts and absorbs the magic of your enemies.
Potions cannot restore your health.
You are immune to rotting.
You are agile. (Dex +2)
Armour fits poorly on your strangely shaped body.
You are dopey. (Int -2)
Your spells are a little harder to cast, but a little more powerful.


Message History

* * * LOW HITPOINT WARNING * * *
You feel sick. The killer bee barely misses you.
You hit the killer bee but do no damage.
The killer bee is heavily wounded.
* * * LOW HITPOINT WARNING * * *
You feel sick. The killer bee closely misses you.
* * * LOW HITPOINT WARNING * * *
You feel sick.
The killer bee stings you but does no damage.
* * * LOW HITPOINT WARNING * * *
You feel sick. The killer bee barely misses you.
You are confused.
Your system rejects the healing.
You feel invigorated.
* * * LOW HITPOINT WARNING * * *
You feel sick. The killer bee stings you.
The killer bee stings you but does no damage.
You punch the killer bee!
The killer bee is almost dead.
You die...
Xom is highly amused!

##.....###.........
##..(.....+.........
##.......###.........
#......_.♣#♣#♣.♣....#
##.....#...........#♣
##.(>###♣#♣#♣#♣..##♣
##.## #'## ♣ #y#
######.# ♣ #@#
#......# ♣ #.#
#.###..## #.#
#.###...## #.#
#.#......#
#.######..#....##
#........###..####
########..#.......
###.####### ###


You could see a killer bee.

Vanquished Creatures
  2 scorpions (D:4)
  A killer bee (D:4)
  Jessica (D:2)
  An orc wizard (D:4)
  3 worker ants (D:4)
  A howler monkey skeleton (D:4)
  A gnoll (D:1)
  5 adders
  A river rat (D:4)
  An adder skeleton (D:4)
  A worm (D:1)
  4 dart slugs
  A leopard gecko (D:2)
  9 orcs
  5 giant cockroaches
  5 goblins
  9 hobgoblins
  2 jackals (D:2)
  A quokka (D:2)
  6 bats
  3 frilled lizards
  10 kobolds
  A leopard gecko zombie (D:5)
  10 rats
84 creatures vanquished.

Notes
Turn   | Place    | Note
-------+----------+-------------------------------------------
     0 | D:1      | EnegeticOcto the Vine Stalker Chaos Knight began the quest
                  | for the Orb.
     0 | D:1      | Reached XP level 1. HP: 11/11 MP: 2/2
    56 | D:1      | XOM: harmless Tmut miscast
   150 | D:1      | XOM: harmless Summ miscast
   209 | D:1      | XOM: harmless Erth miscast
   211 | D:1      | XOM: harmless Air miscast
   214 | D:1      | Reached XP level 2. HP: 4/16 MP: 0/3
   216 | D:1      | XOM: fog
   386 | D:1      | Reached XP level 3. HP: 10/20 MP: 4/4
   483 | D:1      | XOM: give mutations
   483 | D:1      | Gained mutation: You are agile. (Dex +2) [Xom's mischief]
   483 | D:1      | Gained mutation: You are dopey. (Int -2) [Xom's mischief]
   609 | D:1      | XOM: mild Chrm miscast
   916 | D:2      | XOM: noise
   955 | D:2      | Reached skill level 4 in Unarmed Combat
  1027 | D:2      | XOM: summons 1 hostile demon
  1192 | D:2      | Gained mutation: Your natural rate of healing is unusually
                  | fast. [Vine Stalker growth]
  1192 | D:2      | Reached XP level 4. HP: 22/24 MP: 5/5
  1264 | D:2      | XOM: smoke on damage
  1347 | D:2      | XOM: 1-stop teleportation journey
  1422 | D:2      | Noticed Jessica
  1461 | D:2      | Killed Jessica
  1485 | D:2      | Reached XP level 5. HP: 28/28 MP: 6/6
  1515 | D:2      | XOM: god gift: ration
  1653 | D:2      | Found a blossoming altar of Fedhas.
  1998 | D:3      | Reached skill level 5 in Unarmed Combat
  2444 | D:3      | XOM: god gift: hand crossbow {god gift}
  2486 | D:3      | XOM: god gift: book of Flames
  2676 | D:4      | XOM: scenery: create altars
  2742 | D:4      | XOM is BORED!
  2742 | D:4      | XOM: give mutations
  2742 | D:4      | Gained mutation: Armour fits poorly on your strangely
                  | shaped body. [Xom's mischief]
  2742 | D:4      | Gained mutation: Your spells are a little harder to cast,
                  | but a little more powerful. [Xom's mischief]
  2965 | D:4      | Reached XP level 6. HP: 33/33 MP: 7/7
  3133 | D:4      | Found a runed translucent gate.
  3133 | D:4      | Found a runed translucent gate.
  3133 | D:4      | Found a runed translucent gate.
  3134 | D:4      | Found an opulent altar of Gozag.
  3134 | D:4      | Noticed elum's ghost (amateur DsWz)
  3232 | D:4      | Reached skill level 6 in Unarmed Combat
  3697 | D:4      | XOM: harmless Pois miscast
  3704 | D:5      | Entered Level 5 of the Dungeon
  3898 | D:4      | XOM: polymorph killer bee -> river rat
  3903 | D:4      | Reached XP level 7. HP: 29/38 MP: 6/8
  3942 | D:4      | XOM: scenery: create altars
  3952 | D:4      | HP: 1/38 [poisoned by a killer bee]
  3953 | D:4      | Succumbed to a killer bee's poison

Levels and vault maps discovered:
D:1:      minmay_arrival_widening_spiral_wide, layout_rooms
D:2:      layout_basic, fedhas_altar_4, uniq_jessica
D:3:      layout_loops_ring
D:4:      layout_loops_corners, ebering_ghost_gozag, serial_forest,
          infiniplex_forest_clump_curved, infiniplex_forest_straight_2,
          infiniplex_forest_lined_room_2, infiniplex_forest_end_3,
          infiniplex_forest_lined_2
D:5:      layout_loops_cross, kennysheep_mini_moat, first_ration, uniq_pikel

Skill      XL: |  1  2  3  4  5  6 |
---------------+-------------------+-----
Fighting       | 3 4 |  4.5
Unarmed Combat | 4 5 6 |  6.4
Armour         | |  1.5
Dodging        | |  0.7

Action                   |  1- 3 |  4- 6 |  7- 9 || total
-------------------------+-------+-------+-------++-------
Melee: Unarmed           |   115 |   186 |    10 ||   311
       Bite              |    32 |    56 |       ||    88
       Punch             |     1 |     7 |       ||     8
 Fire: Blowgun           |       |     6 |     1 ||     7
  Use: Scroll            |     1 |     5 |       ||     6
       Potion            |       |       |     4 ||     4
  Eat: Chunk             |     1 |     9 |       ||    10
Armor: Leather armour    |    35 |    11 |       ||    46
       Scale mail        |       |    55 |     8 ||    63
Dodge: Dodged            |    58 |    69 |    12 ||   139

Table legend:
 A = Non-vault XP
 B = Vault XP
 C = Vault XP percentage of total XP
 D = Non-vault monster count
 E = Vault monster count
 F = Vault count percentage of total count
                 A         B        C        D         E       F
            +---------+---------+-------+---------+---------+-------
      Total |     587 |      37 |   5.9 |      83 |       1 |   1.2
            +---------+---------+-------+---------+---------+-------
        D:1 |      52 |       0 |   0.0 |      20 |       0 |   0.0
        D:2 |      83 |      37 |  30.8 |      25 |       1 |   3.8
        D:3 |      52 |       0 |   0.0 |      22 |       0 |   0.0
        D:4 |     399 |       0 |   0.0 |      15 |       0 |   0.0
        D:5 |       1 |       0 |   0.0 |       1 |       0 |   0.0
            +---------+---------+-------+---------+---------+-------
